MLB
LOS ANGELES (A) ANGELS @ HOUSTON ASTROS
05/20/2042
 
TOP OF THE 1ST
Los Angeles (A) Angels batting - Pitching for Houston Astros : RHP Ted Valéncia
Pitching: RHP Ted Valéncia
Batting: SHB Pancho Baca 0-0: Ball
1-0: Ground out 6-3 (Groundball, 6, EV 106.9 MPH)
Batting: LHB Tony Morín 0-0: Ground out 4-3 (Groundball, 34D, EV 79.4 MPH)
Batting: RHB Greg Simmons 0-0: Ball
1-0: Ball
2-0: Ball
3-0: Called Strike
3-1: Swinging Strike
3-2: Base on Balls
Batting: LHB Bobby Fontenot 0-0: Called Strike
0-1: Called Strike
0-2: Ball
1-2: Ball
2-2: 2-RUN HOME RUN (Flyball, 9D, EV 96.9 MPH), Distance : 389 ft
Batting: RHB Brad Rasmussen 0-0: Called Strike
0-1: Foul Ball, location: 5SF
0-2: Ball
1-2: Ball
2-2: Ball
3-2: SINGLE (Line Drive, 4M, EV 96.3 MPH)
Batting: RHB Chris Stephens 0-0: Ball
1-0: Foul Ball, location: 2F
1-1: Ball
2-1: Foul Ball, location: 7LDF
2-2: Ball
3-2: Base on Balls
Brad Rasmussen to second
Batting: RHB Juan Nava 0-0: Ball
1-0: Ball
2-0: Foul Ball, location: 9LDF
2-1: Fielders Choice at 2nd, 5-4 (Groundball, 56, EV 79.4 MPH)
Top of the 1st over - 2 runs, 2 hits, 0 errors, 2 left on base; Los Angeles (A) 2 - Houston 0
BOTTOM OF THE 1ST
Houston Astros batting - Pitching for Los Angeles (A) Angels : LHP Ty Gentry
Pitching: LHP Ty Gentry
Batting: RHB Ethan Sutton 0-0: SINGLE (Groundball, 34D, EV 103.1 MPH)
Batting: RHB José Archuleta 0-0: Called Strike
0-1: Ball
1-1: Grounds into double play, 5-4-3 (Groundball, 56, EV 81.9 MPH)
Batting: RHB Adrián Juárez 0-0: Foul Ball, location: 2F
0-1: Ball
1-1: Ball
2-1: Called Strike
2-2: Foul Ball, location: 5F
2-2: Strikes out swinging, 2-3 out at first.
Bottom of the 1st over - 0 runs, 1 hit, 0 errors, 0 left on base; Los Angeles (A) 2 - Houston 0
TOP OF THE 2ND
Los Angeles (A) Angels batting - Pitching for Houston Astros : RHP Ted Valéncia
Batting: RHB Erik Lark 0-0: Ball
1-0: Foul Ball, location: 23F
1-1: Ground out 6-3 (Groundball, 6S, EV 83.1 MPH)
Batting: RHB Randy Burrowes 0-0: Foul Ball, location: 5FF
0-1: Ball
1-1: Ground out U3 (Groundball, 34, EV 108.1 MPH)
Batting: SHB Pancho Baca 0-0: Ball
1-0: Ground out 6-3 (Groundball, 6, EV 102.5 MPH)
Top of the 2nd over - 0 runs, 0 hits, 0 errors, 0 left on base; Los Angeles (A) 2 - Houston 0
BOTTOM OF THE 2ND
Houston Astros batting - Pitching for Los Angeles (A) Angels : LHP Ty Gentry
Batting: RHB Ángelo Guzmán 0-0: Ball
1-0: Ball
2-0: Called Strike
2-1: Foul Ball, location: 9LDF
2-2: Foul Ball, location: 2F
2-2: Foul Ball, location: 3FF
2-2: SINGLE (Line Drive, 4M, EV 96.3 MPH)
Batting: RHB José Mercado 0-0: Ball
1-0: Foul Ball, location: 5F
1-1: Ball
2-1: Called Strike
Ángelo Guzmán is caught stealing 2nd base 2-4
2-2: Ground out 5-3 (Groundball, 56S, EV 67.5 MPH)
Batting: LHB José Robles 0-0: SINGLE (Line Drive, 34D, EV 101.9 MPH)
Batting: RHB António Garza 0-0: Called Strike
0-1: SINGLE (Line Drive, 8RS, EV 100.0 MPH)
José Robles to second
Batting: RHB Kokushi Uemura 0-0: Called Strike
0-1: Foul Ball, location: 5FF
0-2: Ball
1-2: Foul Ball, location: 2F
1-2: Foul Ball, location: 7LMFF
1-2: Ball
2-2: Ball
3-2: Base on Balls
José Robles to third
António Garza to second
Batting: RHB Manny Castillo 0-0: Called Strike
0-1: Swinging Strike
0-2: Strikes out looking
Bottom of the 2nd over - 0 runs, 3 hits, 0 errors, 3 left on base; Los Angeles (A) 2 - Houston 0
TOP OF THE 3RD
Los Angeles (A) Angels batting - Pitching for Houston Astros : RHP Ted Valéncia
Batting: LHB Tony Morín 0-0: Swinging Strike
0-1: Ball
1-1: Foul Ball, location: 9LSF
1-2: Foul Ball, location: 2RF
1-2: Strikes out swinging
Batting: RHB Greg Simmons 0-0: Ball
1-0: Ball
2-0: Called Strike
2-1: Foul Ball, location: 5DF
2-2: Ball
3-2: Strikes out looking
Batting: LHB Bobby Fontenot 0-0: Called Strike
0-1: Fly out, F9 (Flyball, 9D, EV 78.8 MPH)
Top of the 3rd over - 0 runs, 0 hits, 0 errors, 0 left on base; Los Angeles (A) 2 - Houston 0
BOTTOM OF THE 3RD
Houston Astros batting - Pitching for Los Angeles (A) Angels : LHP Ty Gentry
Batting: RHB Ethan Sutton 0-0: Ball
1-0: Called Strike
1-1: Ball
2-1: Ball
3-1: Ground out 5-3 (Groundball, 56, EV 105.0 MPH)
Batting: RHB José Archuleta 0-0: Swinging Strike
0-1: Called Strike
0-2: Ball
1-2: Ball
2-2: Ground out 1-3 (Groundball, P, EV 71.3 MPH)
Batting: RHB Adrián Juárez 0-0: Called Strike
0-1: Called Strike
0-2: Strikes out swinging
Bottom of the 3rd over - 0 runs, 0 hits, 0 errors, 0 left on base; Los Angeles (A) 2 - Houston 0
TOP OF THE 4TH
Los Angeles (A) Angels batting - Pitching for Houston Astros : RHP Ted Valéncia
Batting: RHB Brad Rasmussen 0-0: Foul Ball, location: 2F
0-1: Ball
1-1: Ball
2-1: SINGLE (Flyball, 89S, EV 81.3 MPH)
Batting: RHB Chris Stephens 0-0: Ball
1-0: Ball
2-0: Called Strike
2-1: Ball
3-1: Called Strike
3-2: Fly out, F9 (Line Drive, 9S, EV 93.8 MPH)
Batting: RHB Juan Nava 0-0: Called Strike
0-1: Called Strike
Brad Rasmussen is caught stealing 2nd base 2-4
0-2: DOUBLE (Flyball, 89XD, EV 108.8 MPH)
Batting: RHB Erik Lark 0-0: Ball
1-0: Called Strike
1-1: Ball
2-1: Ball
3-1: Base on Balls
Batting: RHB Randy Burrowes 0-0: Ball
1-0: Called Strike
1-1: Ball
2-1: Called Strike
2-2: Ground out 5-3 (Groundball, 5S, EV 88.8 MPH)
Top of the 4th over - 0 runs, 2 hits, 0 errors, 2 left on base; Los Angeles (A) 2 - Houston 0
BOTTOM OF THE 4TH
Houston Astros batting - Pitching for Los Angeles (A) Angels : LHP Ty Gentry
Batting: RHB Ángelo Guzmán 0-0: Ball
1-0: Swinging Strike
1-1: Called Strike
1-2: Ball
2-2: Strikes out swinging
Batting: RHB José Mercado 0-0: Fly out, F8 (Line Drive, 8LD, EV 105.6 MPH)
Batting: LHB José Robles 0-0: Called Strike
0-1: Foul Ball, location: 9LDF
0-2: Fly out, F8 (Flyball, 8LD, EV 100.6 MPH)
Bottom of the 4th over - 0 runs, 0 hits, 0 errors, 0 left on base; Los Angeles (A) 2 - Houston 0
TOP OF THE 5TH
Los Angeles (A) Angels batting - Pitching for Houston Astros : RHP Ted Valéncia
Batting: SHB Pancho Baca 0-0: Ball
1-0: Ball
2-0: Called Strike
2-1: Ball
3-1: Base on Balls
Batting: LHB Tony Morín 0-0: Foul Ball, location: 25FF
0-1: Swinging Strike
0-2: Strikes out swinging
Batting: RHB Greg Simmons 0-0: Foul Ball, location: 2F
0-1: Called Strike
0-2: Ball
1-2: Ball
2-2: Ball
3-2: Ground out 6-3 (Groundball, 6MS, EV 84.4 MPH)
Pancho Baca to second
Batting: LHB Bobby Fontenot 0-0: Called Strike
0-1: Ball
1-1: Ground out 5-3 (Groundball, 56, EV 98.1 MPH)
Top of the 5th over - 0 runs, 0 hits, 0 errors, 1 left on base; Los Angeles (A) 2 - Houston 0
BOTTOM OF THE 5TH
Houston Astros batting - Pitching for Los Angeles (A) Angels : LHP Ty Gentry
Batting: RHB António Garza 0-0: Foul Ball, location: 2F
0-1: Foul Ball, location: 2F
0-2: SOLO HOME RUN (Flyball, 7LD, EV 88.1 MPH), Distance : 329 ft
Batting: RHB Kokushi Uemura 0-0: Ball
1-0: Foul Ball, location: 7LDF
1-1: Ball
2-1: Ground out 5-3 (Groundball, 56S, EV 85.6 MPH)
Batting: RHB Manny Castillo 0-0: Ball
1-0: Ball
2-0: Ball
3-0: Called Strike
3-1: TRIPLE (Flyball, 89XD, EV 101.9 MPH)
Batting: RHB Ethan Sutton 0-0: Ball
1-0: Ball
2-0: Ball
3-0: Called Strike
3-1: Base on Balls
Batting: RHB José Archuleta 0-0: Called Strike
0-1: Swinging Strike
0-2: Ball
1-2: Fielders Choice at home, 5-2 (Groundball, 56, EV 103.8 MPH)
Ethan Sutton to second
Batting: RHB Adrián Juárez 0-0: Ball
1-0: Ground out 4-3 (Groundball, 4, EV 108.8 MPH)
Bottom of the 5th over - 1 run, 2 hits, 0 errors, 2 left on base; Los Angeles (A) 2 - Houston 1
TOP OF THE 6TH
Los Angeles (A) Angels batting - Pitching for Houston Astros : RHP Ted Valéncia
Batting: RHB Brad Rasmussen 0-0: Ground out 5-3 (Groundball, 56S, EV 87.5 MPH)
Batting: RHB Chris Stephens 0-0: Called Strike
0-1: Ball
1-1: Swinging Strike
1-2: Strikes out swinging
Batting: RHB Juan Nava 0-0: Foul Ball, location: 2F
0-1: Ball
1-1: Called Strike
1-2: SOLO HOME RUN (Flyball, 7D, EV 94.4 MPH), Distance : 383 ft
Batting: RHB Erik Lark 0-0: Ball
1-0: Ball
2-0: Foul Ball, location: 25F
2-1: Ball
3-1: Called Strike
3-2: DOUBLE (Groundball, 5L, EV 107.5 MPH)
Pitching: RHP Mike Schultz
Batting: RHB Randy Burrowes 0-0: Ball
1-0: SINGLE (Line Drive, 4MD, EV 108.8 MPH)
Erik Lark to third
Runner from 3rd tries for Home, SAFE, throw by CF to home
Batting: SHB Pancho Baca 0-0: Ball
1-0: Ball
2-0: Foul Ball, location: 7LSF
2-1: Swinging Strike
2-2: Ball
3-2: Base on Balls
Randy Burrowes to second
Batting: LHB Tony Morín 0-0: Called Strike
0-1: Ball
1-1: Ball
2-1: Swinging Strike
2-2: Strikes out swinging
Top of the 6th over - 2 runs, 3 hits, 0 errors, 2 left on base; Los Angeles (A) 4 - Houston 1
BOTTOM OF THE 6TH
Houston Astros batting - Pitching for Los Angeles (A) Angels : LHP Ty Gentry
Batting: RHB Ángelo Guzmán 0-0: SOLO HOME RUN (Line Drive, 7D, EV 107.5 MPH), Distance : 412 ft
Batting: RHB José Mercado 0-0: Ball
1-0: SINGLE (Groundball, P, EV 87.5 MPH) (infield hit)
Batting: LHB José Robles 0-0: Ball
1-0: Foul Ball, location: 9LMF
1-1: Swinging Strike
1-2: Foul Ball, location: 7LSF
1-2: Ball
2-2: Reached on error, E3 (Groundball, 3L, EV 100.0 MPH)
José Mercado to second
Batting: RHB António Garza 0-0: Grounds into double play, 5-4-3 (Groundball, 56D, EV 103.8 MPH)
José Mercado to third
Batting: RHB Kokushi Uemura 0-0: Ground out 4-3 (Groundball, 4M, EV 110.6 MPH)
Bottom of the 6th over - 1 run, 2 hits, 1 error, 1 left on base; Los Angeles (A) 4 - Houston 2
TOP OF THE 7TH
Los Angeles (A) Angels batting - Pitching for Houston Astros : RHP Mike Schultz
Pitching: RHP Mal Lehman
Batting: RHB Greg Simmons 0-0: Foul Ball, location: 7LSF
0-1: Ball
1-1: DOUBLE (Groundball, 5L, EV 97.5 MPH)
Batting: LHB Bobby Fontenot 0-0: Called Strike
0-1: Ball
1-1: 2-RUN HOME RUN (Flyball, 89XD, EV 100.6 MPH), Distance : 407 ft
Batting: RHB Brad Rasmussen 0-0: Called Strike
0-1: DOUBLE (Groundball, 5L, EV 105.6 MPH)
Batting: RHB Chris Stephens 0-0: Swinging Strike
0-1: Ball
1-1: Ball
2-1: Called Strike
2-2: Strikes out swinging
Batting: RHB Juan Nava 0-0: Called Strike
0-1: Swinging Strike
0-2: Foul Ball, location: 5F
0-2: Strikes out looking
Batting: RHB Erik Lark 0-0: Called Strike
0-1: Foul Ball, location: 2F
0-2: Foul Ball, location: 9LDF
0-2: Foul Ball, location: 2F
0-2: Ball
1-2: Ball
2-2: SINGLE (Groundball, 5S, EV 71.3 MPH) (infield hit)
Brad Rasmussen to third
Batting: RHB Randy Burrowes 0-0: Foul Ball, location: 23F
0-1: Ball
1-1: Fielders Choice at 2nd, 5-4 (Groundball, 56, EV 85.0 MPH)
Top of the 7th over - 2 runs, 4 hits, 0 errors, 2 left on base; Los Angeles (A) 6 - Houston 2
BOTTOM OF THE 7TH
Houston Astros batting - Pitching for Los Angeles (A) Angels : LHP Ty Gentry
Batting: RHB Manny Castillo 0-0: Ball
1-0: Ground out U3 (Groundball, 34S, EV 88.8 MPH)
Batting: RHB Ethan Sutton 0-0: Ball
1-0: Foul Ball, location: 9LMF
1-1: Ball
2-1: Called Strike
2-2: Foul Ball, location: 23FF
2-2: Ball
3-2: Foul Ball, location: 2F
3-2: Base on Balls
Batting: RHB José Archuleta 0-0: Called Strike
0-1: Foul Ball, location: 5F
0-2: Ground out 5-3 (Groundball, 56S, EV 71.3 MPH)
Ethan Sutton to second
Now at 3B: Joe Pratt
Batting: RHB Adrián Juárez 0-0: Called Strike
0-1: Foul Ball, location: 2LF
0-2: Foul Ball, location: 3FF
0-2: Ball
1-2: Fly out, F7 (Flyball, 7S, EV 93.8 MPH)
Bottom of the 7th over - 0 runs, 0 hits, 0 errors, 1 left on base; Los Angeles (A) 6 - Houston 2
TOP OF THE 8TH
Los Angeles (A) Angels batting - Pitching for Houston Astros : RHP Mal Lehman
Batting: SHB Pancho Baca 0-0: Ball
1-0: Ball
2-0: Ball
3-0: Base on Balls
Batting: LHB Tony Morín 0-0: Ball
1-0: Ball
2-0: SINGLE (Line Drive, 7S, EV 94.4 MPH)
Pancho Baca to second
Batting: RHB Greg Simmons 0-0: Ball
1-0: Swinging Strike
1-1: Ball
2-1: Foul Ball, location: 9LSFF
2-2: Foul Ball, location: 9LMFF
2-2: Ball
3-2: Strikes out swinging
Pitching: LHP Johnny Bradley
Batting: LHB Bobby Fontenot 0-0: Foul Ball, location: 2F
0-1: Called Strike
0-2: Fly out, F6 (Popup, 6MS, EV 81.3 MPH)
Batting: RHB Brad Rasmussen 0-0: Called Strike
0-1: Ground out 5-3 (Groundball, 56S, EV 84.4 MPH)
Top of the 8th over - 0 runs, 1 hit, 0 errors, 2 left on base; Los Angeles (A) 6 - Houston 2
BOTTOM OF THE 8TH
Houston Astros batting - Pitching for Los Angeles (A) Angels : LHP Ty Gentry
Batting: RHB Ángelo Guzmán 0-0: Called Strike
0-1: Ball
1-1: Ball
2-1: Called Strike
2-2: Ball
3-2: Base on Balls
Batting: RHB José Mercado 0-0: Ball
1-0: Swinging Strike
1-1: Swinging Strike
1-2: Ball
2-2: Strikes out swinging
Pinch Hitting: RHB Tim O'Kinsella 0-0: Ball
1-0: Swinging Strike
1-1: Swinging Strike
1-2: Foul Ball, location: 9LMF
1-2: Strikes out swinging
Pitching: RHP Dax Wilkerson
Batting: RHB António Garza 0-0: Called Strike
0-1: Called Strike
0-2: Strikes out looking
Bottom of the 8th over - 0 runs, 0 hits, 0 errors, 1 left on base; Los Angeles (A) 6 - Houston 2
TOP OF THE 9TH
Los Angeles (A) Angels batting - Pitching for Houston Astros : LHP Johnny Bradley
Pitching: RHP José Reyes
Now at 1B: Tim O'Kinsella
Now in CF: José Archuleta
Now in RF: José Mercado
Batting: RHB Joe Pratt 0-0: Ball
1-0: Ball
2-0: Foul Ball, location: 23FF
2-1: Foul Ball, location: 2F
2-2: Strikes out swinging
Batting: RHB Juan Nava 0-0: Swinging Strike
0-1: Fly out, F8 (Line Drive, 8LM, EV 86.3 MPH)
Batting: RHB Erik Lark 0-0: Called Strike
0-1: Ground out 6-3 (Groundball, 6, EV 102.5 MPH)
Top of the 9th over - 0 runs, 0 hits, 0 errors, 0 left on base; Los Angeles (A) 6 - Houston 2
BOTTOM OF THE 9TH
Houston Astros batting - Pitching for Los Angeles (A) Angels : RHP Dax Wilkerson
Pitching: RHP Wilson Rodríguez
Batting: RHB Kokushi Uemura 0-0: Called Strike
0-1: Ball
1-1: Ball
2-1: Called Strike
2-2: Strikes out swinging
Pinch Hitting: LHB Joe Rivera 0-0: Fly out, F9 (Line Drive, 9, EV 107.5 MPH)
Batting: RHB Ethan Sutton 0-0: Called Strike
0-1: Foul Ball, location: 5FF
0-2: Ball
1-2: Strikes out swinging
Bottom of the 9th over - 0 runs, 0 hits, 0 errors, 0 left on base; Los Angeles (A) 6 - Houston 2
Monday, April 29th , 2024 - OOTP Baseball 24.10 Build 82